 Dungeon Crawl Stone Soup version 0.24-a0-462-ge24419a6ad (webtiles) character file.

Game seed: 6789223318184706447

23709 Murumi the Fighter (level 13, 0/106 HPs)
             Began as a Formicid Fighter on July 1, 2019.
             Was a High Priest of Okawaru.
             Slain by Saint Roka
             ... wielding a +0 battleaxe of freezing
              (21 damage)
             ... on level 2 of the Orcish Mines on July 2, 2019.
             The game lasted 01:16:51 (17372 turns).

Murumi the Fighter (Formicid Fighter)              Turns: 17372, Time: 01:16:51

Health: 0/106      AC: 26    Str: 28    XL:     13   Next: 37%
Magic:  23/28      EV: 20    Int: 11    God:    Okawaru [*****.]
Gold:   1308       SH: 17    Dex: 24    Spells: 19/20 levels left

rFire    . . .     SeeInvis +   a - +1 scimitar (elec)
rCold    . . .     Gourm    .   c - +1 shield
rNeg     . . .     Faith    .   A - +0 plate armour {MR+}
rPois    .         Spirit   .   (helmet unavailable)
rElec    .         Reflect  .   J - +2 cloak {MR+}
rCorr    .         Harm     .   p - +1 pair of gloves of Hooripn {Dex+3}
MR       +++..                  B - +1 pair of boots
Stlth    ..........             (no amulet)
HPRegen  0.27/turn              b - +1 ring of slaying
MPRegen  0.21/turn              q - ring "Gikhlike" {MP+9 Dex+6}

@: mighty, agile, heroism, finesse
A: permanent stasis, dig shafts and tunnels, four strong arms, antennae 3
a: Dig, Shaft Self, Heroism, Finesse, Renounce Religion


You were on level 2 of the Orcish Mines.
You worshipped Okawaru.
Okawaru was extremely pleased with you.
You were hungry.

You visited 2 branches of the dungeon, and saw 14 of its levels.
You also visited: Sewer and Ossuary.

You collected 1593 gold pieces.
You spent 285 gold pieces at shops.

Inventory:

Hand Weapons
 a - a +1 scimitar of electrocution (weapon)
 K - a +0 scimitar
Missiles
 e - 300 stones
 x - 27 bolts
 E - 30 poisoned darts
 I - 15 boomerangs (quivered)
Armour
 c - a +1 shield (worn)
 p - the +1 pair of gloves of Hooripn (worn) {Dex+3}
   (You bought it in a shop on level 2 of the Orcish Mines)

   It affects your dexterity (+3).
 w - a +0 large shield
 A - a +0 plate armour of magic resistance (worn)
 B - a +1 pair of boots (worn)
 J - a +2 cloak of magic resistance (worn)
Jewellery
 b - a +1 ring of slaying (left hand)
 i - an uncursed ring of flight
 j - an uncursed ring of poison resistance
 q - the ring "Gikhlike" (right hand) {MP+9 Dex+6}
   (You found it in a sewer)

   [ring of magical power]

   It affects your dexterity (+6).
   It affects your magic capacity (+9).
Wands
 d - a wand of enslavement (7)
 m - a wand of random effects (19)
 z - a wand of iceblast (14)
Scrolls
 n - 2 scrolls of fog
 t - 3 scrolls of magic mapping
 u - 4 scrolls of remove curse
 y - 2 scrolls of amnesia
 F - a scroll of enchant armour
 G - 2 scrolls of enchant weapon
Potions
 g - 3 potions of mutation
 h - 8 potions of curing
 k - 4 potions of brilliance
 l - 2 potions of flight
 o - 2 potions of agility
 r - a potion of magic
 C - a potion of might
 H - a potion of ambrosia
Miscellaneous
 D - a lamp of fire (inert)
Comestibles
 f - 23 rations


   Skills:
 - Level 11.1(16.1) Fighting
 - Level 10.0(15.0) Long Blades
 - Level 10.2(15.2) Armour
 - Level 4.0(9.0) Dodging
 - Level 11.0(16.0) Shields
 + Level 4.4 Spellcasting
 - Level 4.0 Translocations
 - Level 7.0 Invocations
 - Level 6.0 Evocations


You had 19 spell levels left.
You knew the following spells:

 Your Spells              Type           Power        Failure   Level  Hunger
a - Apportation           Tloc           ##....       26%         1    #......

Your spell library contained the following spells:

 Spells                   Type           Power        Failure   Level  Hunger
 Gell's Gravitas          Tloc           ##........   61%         3    ###....
 Animate Skeleton         Necr           N/A          80%         1    #......
 Confusing Touch          Hex            #.....       80%         1    #......
 Pain                     Necr           #...         80%         1    #......
 Summon Small Mammal      Summ           #...         80%         1    #......
 Confuse                  Hex            #.......     99%         3    ###....
 Regeneration             Chrm/Necr      #.........   99%         3    ###....
 Vampiric Draining        Necr           #.........   99%         3    ###....
 Animate Dead             Necr           N/A          100%        4    #####..
 Petrify                  Tmut/Erth      #.......     100%        4    #####..
 Metabolic Englaciation   Hex/Ice        #.........   100%        5    ######.
 Yara's Violent Unravell  Hex/Tmut       #.........   100%        5    ######.


Dungeon Overview and Level Annotations

Branches:
Dungeon (12/15)            Temple (0/1) D:6            Lair (0/6) D:11
    Orc (2/2) D:12
    Elf: Orc:2

Altars:
Ashenzari
Dithmenos
Elyvilon
Gozag
Kikubaaqudgha
Okawaru
Qazlal
Ru
Trog
Vehumet
Wu Jian
Zin
The Shining One
Beogh

Shops:
D:12 %*   Orc:2 [

Annotations:
D:9 3 runed translucent doors, exclusion: orange crystal statue
D:10 2 transporters, exclusion: orange crystal statue
Orc:2 Saint Roka


Innate Abilities, Weirdness & Mutations

You cannot be hasted, slowed, berserked, paralysed or teleported.
You can dig through walls and to a lower floor.
Your four strong arms can wield two-handed weapons with a shield.
You have a pair of large antennae on your head. (SInv)


Message History

Aim: Saint Roka, wielding a +0 battleaxe of freezing and wearing a +0 plate armour (heavily wounded, chance to defeat MR: 16%)
Okay, then.
Evoke which item? (* to show all) (? for menu, Esc to quit)
Aim the lamp in which direction?
Press: ? - help, Dir - move target cursor, f - Saint Roka
Aim: Saint Roka, wielding a +0 battleaxe of freezing and wearing a +0 plate armour (heavily wounded)
The flames dance!
The trail of fire hits Saint Roka!
Saint Roka is heavily wounded.
You hear a shout!
Saint Roka is engulfed in blazing flames.
Saint Roka invokes the aid of Beogh against you.
Beogh smites you!
* * * LOW HITPOINT WARNING * * *
You feel better.
Saint Roka is engulfed in blazing flames.
Saint Roka roars a battlecry!
You hear a shout!
You feel better.
Saint Roka hits you with a +0 battleaxe of freezing!!
You die...

#..........##....
#...#..##...##...
#......##...#....
##.##.####.......
#...######.......
##.#..#.###..#...
###......#.......
##o#.{...###......
#@#{.{{.## ##...#.
####{{.## ...#..
#.....o........
#...........
#........#..o
##..###..# ..
####{ .... ....
##.#.


You could see Saint Roka.

Vanquished Creatures
  An orc warlord (Orc:2)
  A stone giant (Orc:1)
  An ettin (Orc:1)
  Fannar (D:10)
  A hydra (D:12)
  2 two-headed ogres (D:10)
  2 orc high priests
  The ghost of Peloso the Protected, a novice MiFi of Okawaru (D:6)
  4 orc knights
  4 orc sorcerers
  3 ugly things
  2 komodo dragons (D:11)
  2 trolls (Orc:1)
  Prince Ribbit (D:6)
  A hornet (D:6)
  A hippogriff (D:9)
  A basilisk (D:12)
  4 hogs (D:7)
  4 yaks (D:9)
  4 hungry ghosts
  A human (D:7)
  3 wargs
  A water moccasin (D:11)
  21 orc warriors
  4 sky beasts
  7 ogres
  2 phantoms
  3 ice beasts
  A necrophage (D:11)
  2 crocodiles
  4 centaurs
  2 big kobolds
  6 bullfrogs
  A scorpion (D:5)
  7 killer bees
  4 wights (D:11)
  A howler monkey (D:4)
  A bullfrog zombie (D:12)
  4 crimson imps
  3 centaur zombies
  5 quasits
  A human zombie (Ossuary)
  3 hounds
  15 orc priests
  5 jellies
  4 centaur skeletons
  5 iguanas
  A bullfrog skeleton (D:10)
  16 orc wizards
  9 worker ants
  A killer bee zombie (D:9)
  2 big kobold zombies (Ossuary)
  2 hound skeletons
  2 mummies (Ossuary)
  5 gnolls
  A howler monkey skeleton (D:11)
  18 adders
  An ooze (D:5)
  5 adder skeletons
  2 adder zombies (Ossuary)
  2 worms
  4 dart slugs
  6 leopard geckos
  79 orcs
  9 giant cockroaches
  5 goblins
  6 hobgoblins
  11 jackals
  2 quokkas
  2 ball pythons
  5 bats
  5 frilled lizards
  A goblin zombie (Ossuary)
  10 hobgoblin zombies (Ossuary)
  A jackal skeleton (D:7)
  A jackal zombie (Ossuary)
  21 kobolds
  11 kobold zombies (Ossuary)
  6 orc zombies (Ossuary)
  10 rats
  A rat zombie (Ossuary)
420 creatures vanquished.

Vanquished Creatures (collateral kills)
  A howler monkey skeleton (D:10)
1 creature vanquished.

Vanquished Creatures (others)
  An orc (D:9)
  A plant (D:11)
2 creatures vanquished.

Grand Total: 423 creatures vanquished

Notes
Turn   | Place    | Note
-------+----------+-------------------------------------------
     0 | D:1      | Murumi the Formicid Fighter began the quest for the Orb.
     0 | D:1      | Reached XP level 1. HP: 18/18 MP: 1/1
   203 | D:1      | Reached skill level 1 in Dodging
   231 | D:1      | Reached XP level 2. HP: 20/24 MP: 2/2
   802 | D:1      | Reached XP level 3. HP: 27/29 MP: 3/3
  1666 | D:2      | Found an opulent altar of Gozag.
  1716 | D:2      | Found an iron altar of Okawaru.
  1716 | D:2      | Found a bloodstained altar of Trog.
  1719 | D:2      | Became a worshipper of Warmaster Okawaru
  2161 | D:2      | Reached XP level 4. HP: 29/35 MP: 4/4
  2178 | D:2      | Reached skill level 1 in Invocations
  2383 | D:3      | Reached skill level 1 in Evocations
  2518 | D:3      | Reached XP level 5. HP: 40/41 MP: 6/6
  2546 | D:3      | Noticed an ogre
  2779 | D:3      | Killed an ogre
  2779 | D:3      | Reached skill level 5 in Fighting
  2779 | D:3      | Reached XP level 6. HP: 27/51 MP: 7/7
  2989 | D:3      | Found an ancient bone altar of Kikubaaqudgha.
  3351 | D:3      | Found a sacrificial altar of Ru.
  3604 | D:4      | Reached * piety under Okawaru
  3604 | D:4      | Reached skill level 5 in Shields
  3658 | D:4      | Reached XP level 7. HP: 55/56 MP: 8/8
  4335 | D:5      | Entered Level 5 of the Dungeon
  4590 | D:5      | Reached skill level 5 in Armour
  4687 | D:5      | Reached XP level 8. HP: 13/62 MP: 7/9
  4768 | D:5      | Found a glowing drain.
  4782 | Sewer    | Entered a sewer
  5067 | Sewer    | Got a smoking turquoise ring
  5133 | D:5      | Identified the ring "Gikhlike" {MP+9 Dex+6} (You found it
                  | in a sewer)
  5914 | D:5      | Found a radiant altar of Vehumet.
  6222 | D:6      | Found a staircase to the Ecumenical Temple.
  6361 | D:6      | Noticed Prince Ribbit
  6372 | D:6      | Killed Prince Ribbit
  6372 | D:6      | Reached ** piety under Okawaru
  6556 | D:6      | Reached XP level 9. HP: 67/68 MP: 11/11
  6713 | D:6      | Found a runed translucent door.
  6717 | D:6      | Noticed Peloso's ghost (novice MiFi)
  7006 | D:6      | Found a runed translucent door.
  7105 | D:6      | Found a stormy altar of Qazlal.
  7105 | D:6      | Found a shadowy altar of Dithmenos.
  7106 | D:6      | Found an ornate altar of the Wu Jian Council.
  7188 | D:7      | Noticed a hornet
  7203 | D:6      | Killed a hornet
  7272 | D:7      | Found a sand-covered staircase.
  7276 | Ossuary  | Entered an ossuary
  7905 | D:7      | Reached skill level 10 in Shields
  7917 | D:7      | Found a shattered altar of Ashenzari.
  8073 | D:7      | Reached skill level 5 in Long Blades
  8085 | D:7      | Reached *** piety under Okawaru
  8106 | D:7      | Reached XP level 10. HP: 57/77 MP: 12/12
  8892 | D:8      | Found a white marble altar of Elyvilon.
  8893 | D:8      | Found a glowing silver altar of Zin.
  8894 | D:8      | Found a glowing golden altar of the Shining One.
  9809 | D:9      | Received a gift from Okawaru
  9827 | D:9      | Reached **** piety under Okawaru
 10418 | D:9      | Found a runed translucent door.
 10434 | D:9      | Found a runed translucent door.
 10445 | D:9      | Found a runed translucent door.
 10455 | D:9      | Found a runed translucent door.
 10807 | D:6      | Killed Peloso's ghost
 10807 | D:6      | Reached XP level 11. HP: 73/86 MP: 15/15
 10930 | D:9      | Noticed an orange crystal statue
 10944 | D:10     | Entered Level 10 of the Dungeon
 11030 | D:10     | Found a transporter.
 11032 | D:10     | Noticed an orc high priest
 11079 | D:10     | Noticed an orange crystal statue
 11207 | D:10     | Noticed a two-headed ogre
 11221 | D:10     | Killed a two-headed ogre
 11446 | D:10     | Noticed Fannar
 11493 | D:10     | Killed Fannar
 11675 | D:10     | Found a transporter.
 11676 | D:10     | Noticed an orc sorcerer
 11787 | D:10     | Reached ***** piety under Okawaru
 11886 | D:10     | Noticed a two-headed ogre
 11896 | D:10     | Killed a two-headed ogre
 12279 | D:11     | Learned a level 1 spell: Apportation
 12397 | D:11     | Noticed a purple ugly thing
 12409 | D:11     | Killed a purple ugly thing
 12409 | D:11     | Reached skill level 10 in Armour
 12574 | D:11     | Reached skill level 1 in Spellcasting
 12630 | D:11     | Found a staircase to the Lair.
 12690 | D:11     | Reached skill level 1 in Translocations
 12965 | D:11     | Found a stormy altar of Qazlal.
 12983 | D:11     | Received a gift from Okawaru
 13712 | D:12     | Reached XP level 12. HP: 96/96 MP: 17/17
 13725 | D:12     | Found Tatt's Food Shoppe.
 13796 | D:12     | Found Publoiz's Pet Rocks.
 13839 | D:12     | Found a staircase to the Orcish Mines.
 14214 | D:12     | Noticed an eight-headed hydra
 14228 | D:12     | Killed an eight-headed hydra
 14622 | Orc:1    | Entered Level 1 of the Orcish Mines
 14654 | Orc:1    | Noticed an ettin
 14668 | Orc:1    | Killed an ettin
 14668 | Orc:1    | Reached skill level 5 in Evocations
 15218 | Orc:2    | Entered Level 2 of the Orcish Mines
 15296 | Orc:1    | Received a gift from Okawaru
 15473 | Orc:1    | Noticed a stone giant
 15491 | Orc:1    | Killed a stone giant
 15515 | Orc:1    | Noticed an orc high priest
 15525 | Orc:1    | Killed an orc high priest
 15769 | Orc:1    | Reached skill level 10 in Long Blades
 16181 | Orc:1    | Found a roughly hewn altar of Beogh.
 16408 | Orc:2    | Noticed an orc warlord
 16450 | Orc:2    | Killed an orc warlord
 16450 | Orc:2    | Reached skill level 10 in Fighting
 16450 | Orc:2    | Reached XP level 13. HP: 79/104 MP: 19/19
 17103 | Orc:2    | Found a roughly hewn altar of Beogh.
 17251 | Orc:2    | Found Lionlig's Antique Armour Shoppe.
 17261 | Orc:2    | Bought a pair of ichor-stained gloves for 285 gold pieces
 17271 | Orc:2    | Identified the +1 pair of gloves of Hooripn {Dex+3} (You
                  | bought it in a shop on level 2 of the Orcish Mines)
 17335 | Orc:2    | Noticed Saint Roka
 17370 | Orc:2    | HP: 3/106 [Saint Roka/divine providence (9)]
 17372 | Orc:2    | Slain by Saint Roka

Levels and vault maps discovered:
D:1:      dpeg_arrival_tiny_a, layout_basic, patterned_corridor
D:2:      layout_loops_ring, gammafunk_temple_overflow_elements,
          grunt_gozag_statues
D:3:      layout_rooms, kiku_gazebo_pond_becter, nicolae_ru_path_of_blood
D:4:      minmay_opposing_rooms, layout_basic, grunt_ministairs_10
D:5:      minmay_evil_eye, layout_basic, first_ration, portal_sewer_entry_e,
          lemuel_statue_altar
D:6:      layout_loops_corners, gammafunk_temple_overflow_forgotten,
          minmay_temple_entry_butterflies, ebering_ghost_sewer_f,
          uniq_prince_ribbit1
D:7:      layout_rooms, lightli_ossuary_entry_decrepit_ruins, grunt_livestock,
          ashenzari_altar_1
D:8:      kennysheep_big_flooded_room, layout_loops_ring, good_gods_temple_1,
          minmay_stone_trees_medium
D:9:      layout_basic, kennysheep_crisscross, minmay_statue_crystal_thing
D:10:     gammafunk_wand_slinger, layout_long_grid, minivault_15, uniq_fannar
D:11:     layout_loops_ring, david_lair_shrubbed, minmay_parallelograms,
          corexii_hall_statues_deadend, nicolae_qazlal_eye_of_the_storm
D:12:     layout_cross, orc_0_dummy, serial_shops, shop, grunt_decor_arrowhead,
          guppyfry_shop_earth
Orc:1:    layout_caves, basic_altar
Orc:2:    grunt_orc_cross, layout_caves, nicolae_orc_sculptors_studio,
          uniq_saint_roka

Skill      XL: |  1  2  3  4  5  6  7  8  9 10 11 12 13 |
---------------+----------------------------------------+-----
Dodging        | 1 3 4 |  4.0
Shields        | 4 5 6 8 10 11 | 11.0
Long Blades    | 3 4 5 6 7 10 | 10.0
Invocations    | 1 2 3 6 7 |  7.0
Evocations     | 1 2 3 4 6 |  6.0
Fighting       | 5 6 8 9 10 11 | 11.1
Armour         | 4 5 6 8 10 | 10.2
Spellcasting   | 2 4 |  4.4
Translocations | 2 3 4 |  4.0

Action                   |  1- 3 |  4- 6 |  7- 9 | 10-12 | 13-15 || total
-------------------------+-------+-------+-------+-------+-------++-------
Melee: Long sword        |    82 |   122 |   499 |   798 |    70 ||  1571
       Scimitar          |       |       |       |       |   125 ||   125
Throw: Stone             |    61 |    83 |   223 |   141 |       ||   508
       Dart              |       |     3 |       |     8 |       ||    11
       Javelin           |       |       |       |    50 |       ||    50
       Boomerang         |       |       |       |    33 |    47 ||    80
Invok: Heroism           |       |       |     8 |    18 |     3 ||    29
       Finesse           |       |       |       |       |     1 ||     1
 Abil: Dig               |       |       |     2 |    13 |     2 ||    17
Evoke: Lamp of fire      |       |       |       |     1 |     1 ||     2
       Wand              |       |       |       |    11 |       ||    11
  Use: Scroll            |     6 |     3 |    10 |     6 |       ||    25
       Potion            |       |     2 |     1 |     3 |     4 ||    10
  Eat: Chunk             |     4 |     5 |     9 |    25 |     3 ||    46
       Ration            |       |       |     2 |     2 |       ||     4
Armor: Scale mail        |    24 |       |       |       |       ||    24
       Chain mail        |     9 |    43 |    92 |       |       ||   144
       Plate armour      |       |       |    74 |   225 |    22 ||   321
Dodge: Dodged            |    30 |    23 |   121 |   178 |    21 ||   373
Block: Shield            |    43 |    50 |   275 |   445 |    54 ||   867
       Rpst.: Long sword |     9 |     6 |    43 |    44 |     3 ||   105
       Scimitar          |       |       |       |       |     3 ||     3

Table legend:
 A = Non-vault XP
 B = Vault XP
 C = Vault XP percentage of total XP
 D = Non-vault monster count
 E = Vault monster count
 F = Vault count percentage of total count
                 A         B        C        D         E       F
            +---------+---------+-------+---------+---------+-------
      Total |   22042 |   11829 |  34.9 |     312 |     110 |  26.1
            +---------+---------+-------+---------+---------+-------
        D:1 |      31 |       0 |   0.0 |      12 |       0 |   0.0
        D:2 |      58 |       0 |   0.0 |      24 |       0 |   0.0
        D:3 |     257 |       0 |   0.0 |      29 |       0 |   0.0
        D:4 |     274 |      57 |  17.2 |      14 |       5 |  26.3
        D:5 |     641 |      23 |   3.5 |      29 |      10 |  25.6
        D:6 |     617 |    1172 |  65.5 |      14 |       6 |  30.0
        D:7 |     451 |     977 |  68.4 |      20 |       5 |  20.0
        D:8 |    1165 |      45 |   3.7 |      34 |       2 |   5.6
        D:9 |    1759 |       0 |   0.0 |      16 |       0 |   0.0
       D:10 |    3322 |     901 |  21.3 |      18 |       1 |   5.3
       D:11 |    2893 |     343 |  10.6 |      40 |       1 |   2.4
       D:12 |    2869 |       0 |   0.0 |      10 |       0 |   0.0
      Orc:1 |    7423 |       0 |   0.0 |      49 |       0 |   0.0
      Orc:2 |     282 |    7924 |  96.6 |       3 |      35 |  92.1
      Sewer |       0 |     117 | 100.0 |       0 |       6 | 100.0
    Ossuary |       0 |     270 | 100.0 |       0 |      39 | 100.0
            +---------+---------+-------+---------+---------+-------
